| TOP OF THE 1ST |
|
Philadelphia (APP) Phillies batting - Pitching for Kingsport Mets : RHP Ryan Egan
|
|
Pitching: RHP Ryan Egan
|
|
|
Batting: RHB Dan Doggett
|
0-0: Ball 1-0: Ball 2-0: Ball 3-0: Base on Balls
|
|
Batting: LHB Victor Estrada
|
0-0: Called Strike 0-1: Swinging Strike 0-2: Ball 1-2: Ball 2-2: Ball 3-2: Fly out, F8 (Line Drive, 8LS, EV 90.6 MPH)
|
|
Batting: SHB Sam Fredrick
|
0-0: Called Strike 0-1: Ball 1-1: Ball 2-1: 2-RUN HOME RUN (Flyball, 9LD, EV 93.8 MPH), Distance : 333 ft
|
|
Batting: RHB Nick Maxwell
|
0-0: Foul Ball, location: 2F 0-1: Swinging Strike 0-2: Ball 1-2: Strikes out swinging
|
|
Batting: LHB Jessie Whedbee
|
0-0: Foul Ball, location: 2F 0-1: Foul Ball, location: 2F 0-2: Ball 1-2: Ball 2-2: Foul Ball, location: 2F 2-2: SINGLE (Groundball, 4M, EV 100.6 MPH)
|
|
Batting: RHB Mike Ryan
|
0-0: Ball 1-0: Called Strike 1-1: Foul Ball, location: 2F 1-2: Fly out, F3 (Popup, 23F, EV 79.4 MPH)
|
| Top of the 1st over - 2 runs, 2 hits, 0 errors, 1 left on base; Philadelphia (APP) 2 - Kingsport 0 |
| BOTTOM OF THE 1ST |
|
Kingsport Mets batting - Pitching for Philadelphia (APP) Phillies : RHP Franck Basset
|
|
Pitching: RHP Franck Basset
|
|
|
Batting: RHB Eric Zylstra
|
0-0: Reached on error, E8 (Flyball, 89M, EV 83.8 MPH)
|
|
Batting: LHB Randolph Brodbeck
|
0-0: Ball 1-0: Ball 2-0: Ball 3-0: Base on Balls Eric Zylstra to second
|
|
Batting: RHB Juan Medina
|
0-0: Called Strike 0-1: Ball 1-1: Called Strike 1-2: 3-RUN HOME RUN (Flyball, 7D, EV 98.8 MPH), Distance : 384 ft
|
|
Batting: RHB Dan Muse
|
0-0: Called Strike 0-1: Called Strike 0-2: Ball 1-2: Foul Ball, location: 2F 1-2: Foul Ball, location: 2F 1-2: Ball 2-2: Foul Ball, location: 2F 2-2: SINGLE (Line Drive, 7LS, EV 99.4 MPH)
|
|
Batting: RHB Chris Artz
|
0-0: Called Strike 0-1: Ball 1-1: Ball 2-1: Ball 3-1: Base on Balls Dan Muse to second
|
|
Pitching: RHP Robert Mccabe
|
|
|
Batting: RHB Warren Carmichael
|
0-0: Ball 1-0: Called Strike 1-1: Ball 2-1: Foul Ball, location: 2F 2-2: Ball 3-2: Foul Ball, location: 2F 3-2: Base on Balls Dan Muse to third Chris Artz to second
|
|
Batting: RHB Artyom Shavkunov
|
0-0: Ball 1-0: Foul Ball, location: 2F 1-1: Called Strike 1-2: Ball 2-2: Ball 3-2: SINGLE (Line Drive, 78M, EV 100.6 MPH) Dan Muse scores Chris Artz to third Warren Carmichael to second
|
|
Batting: RHB Craig Alvarado
|
0-0: Ball 1-0: Foul Ball, location: 2F 1-1: Foul Ball, location: 2F 1-2: Strikes out swinging
|
|
Batting: LHB Rick Vallis
|
0-0: Swinging Strike 0-1: Ball 1-1: Ball 2-1: Foul Ball, location: 2F 2-2: Hit by Pitch Chris Artz scores Warren Carmichael to third Artyom Shavkunov to second
|
|
Pitching: LHP Marc Haigler
|
|
|
Batting: RHB Eric Zylstra
|
0-0: Called Strike 0-1: Ball 1-1: Foul Ball, location: 2F 1-2: Ball 2-2: Ball 3-2: DOUBLE (Line Drive, 3D, EV 96.9 MPH) Warren Carmichael scores Artyom Shavkunov scores Rick Vallis to third
|
|
Batting: LHB Randolph Brodbeck
|
0-0: Ball Wild Pitch! Rick Vallis scores Eric Zylstra to third 1-0: Ball 2-0: Called Strike 2-1: Ball 3-1: Base on Balls
|
|
Batting: RHB Juan Medina
|
0-0: Called Strike 0-1: Called Strike 0-2: SINGLE (Groundball, 4MD, EV 106.2 MPH) Eric Zylstra scores Randolph Brodbeck to second
|
|
Batting: RHB Dan Muse
|
0-0: Called Strike 0-1: Foul Ball, location: 2F 0-2: Ball Passed Ball! Randolph Brodbeck to third Juan Medina to second 1-2: Strikes out looking
|
|
Batting: RHB Chris Artz
|
0-0: Ball 1-0: Ball 2-0: Swinging Strike 2-1: Foul Ball, location: 2F 2-2: Foul Ball, location: 2F 2-2: Ball 3-2: Foul Ball, location: 2F 3-2: Base on Balls
|
|
Batting: RHB Warren Carmichael
|
0-0: Ball 1-0: Fly out, F8 (Flyball, 8RM, EV 82.5 MPH)
|
| Bottom of the 1st over - 9 runs, 5 hits, 1 error, 3 left on base; Philadelphia (APP) 2 - Kingsport 9 |
| TOP OF THE 2ND |
|
Philadelphia (APP) Phillies batting - Pitching for Kingsport Mets : RHP Ryan Egan
|
|
Batting: RHB Jose Hurtado
|
0-0: Called Strike 0-1: Ball 1-1: Swinging Strike 1-2: Foul Ball, location: 2F 1-2: Strikes out looking
|
|
Batting: RHB Takuzo Sato
|
0-0: Called Strike 0-1: Called Strike 0-2: Ball 1-2: Strikes out looking
|
|
Batting: RHB Rüdiger Stritter
|
0-0: Swinging Strike 0-1: Foul Ball, location: 2F 0-2: SINGLE (Groundball, 34D, EV 94.4 MPH)
|
|
Batting: RHB Dan Doggett
|
0-0: Called Strike 0-1: Ball 1-1: Fly out, F8 (Flyball, 8LS, EV 91.9 MPH)
|
| Top of the 2nd over - 0 runs, 1 hit, 0 errors, 1 left on base; Philadelphia (APP) 2 - Kingsport 9 |
| BOTTOM OF THE 2ND |
|
Kingsport Mets batting - Pitching for Philadelphia (APP) Phillies : LHP Marc Haigler
|
|
Batting: RHB Artyom Shavkunov
|
0-0: Ball 1-0: Ball 2-0: Swinging Strike 2-1: Ground out 4-3 (Groundball, 4, EV 100.6 MPH)
|
|
Batting: RHB Craig Alvarado
|
0-0: Ball 1-0: Ball 2-0: Ball 3-0: Called Strike 3-1: Foul Ball, location: 2F 3-2: Base on Balls
|
|
Batting: LHB Rick Vallis
|
0-0: Ball 1-0: Called Strike 1-1: Foul Ball, location: 2F 1-2: Foul Ball, location: 2F 1-2: Ball 2-2: Foul Ball, location: 2F 2-2: Grounds out, U3 (Groundball, 3L, EV 87.5 MPH)
|
|
Batting: RHB Eric Zylstra
|
0-0: Ball Wild Pitch! Craig Alvarado to third 1-0: Ball Wild Pitch! Craig Alvarado scores 2-0: Ball 3-0: Called Strike 3-1: Swinging Strike 3-2: SINGLE (Flyball, 9LS, EV 97.5 MPH)
|
|
Batting: LHB Randolph Brodbeck
|
0-0: Called Strike 0-1: Ball 1-1: Called Strike 1-2: SINGLE (Groundball, 6MS, EV 68.8 MPH) (infield hit) Eric Zylstra to second
|
|
Batting: RHB Juan Medina
|
0-0: Called Strike 0-1: Ball 1-1: Ball 2-1: Ball 3-1: Base on Balls Eric Zylstra to third Randolph Brodbeck to second
|
|
Batting: RHB Dan Muse
|
0-0: Foul Ball, location: 2F 0-1: Ball 1-1: Ball 2-1: Ball Wild Pitch! Eric Zylstra scores Randolph Brodbeck to third Juan Medina to second 3-1: Foul Ball, location: 2F 3-2: Base on Balls
|
|
Pitching: LHP Chris Alexopoulos
|
|
|
Batting: RHB Chris Artz
|
0-0: Called Strike 0-1: Ball Wild Pitch! Randolph Brodbeck scores Juan Medina to third Dan Muse to second 1-1: 3-RUN HOME RUN (Line Drive, 7LD, EV 92.5 MPH), Distance : 346 ft
|
|
Batting: RHB Warren Carmichael
|
0-0: Ball 1-0: Called Strike 1-1: Foul Ball, location: 2F 1-2: Strikes out swinging, 2-3 out at first.
|
| Bottom of the 2nd over - 6 runs, 3 hits, 0 errors, 0 left on base; Philadelphia (APP) 2 - Kingsport 15 |
| TOP OF THE 3RD |
|
Philadelphia (APP) Phillies batting - Pitching for Kingsport Mets : RHP Ryan Egan
|
|
Batting: LHB Victor Estrada
|
0-0: Ball 1-0: Foul Ball, location: 2F 1-1: Foul Ball, location: 2F 1-2: Ground out 4-3 (Groundball, 4, EV 85.6 MPH)
|
|
Batting: SHB Sam Fredrick
|
0-0: Ball 1-0: Foul Ball, location: 2F 1-1: Ball 2-1: Fly out, F7 (Flyball, 7, EV 85.6 MPH)
|
|
Batting: RHB Nick Maxwell
|
0-0: Swinging Strike 0-1: Foul Ball, location: 2F 0-2: Foul Ball, location: 2F 0-2: Hit by Pitch
|
|
Batting: LHB Jessie Whedbee
|
0-0: Swinging Strike 0-1: Ball 1-1: Foul Ball, location: 2F 1-2: Ball 2-2: SINGLE (Groundball, 34S, EV 85.0 MPH) (infield hit) Nick Maxwell to second
|
|
Batting: RHB Mike Ryan
|
0-0: Ball 1-0: Called Strike 1-1: Swinging Strike 1-2: Foul Ball, location: 2F 1-2: Foul Ball, location: 2F 1-2: Strikes out swinging
|
| Top of the 3rd over - 0 runs, 1 hit, 0 errors, 2 left on base; Philadelphia (APP) 2 - Kingsport 15 |
| BOTTOM OF THE 3RD |
|
Kingsport Mets batting - Pitching for Philadelphia (APP) Phillies : LHP Chris Alexopoulos
|
|
Batting: RHB Artyom Shavkunov
|
0-0: Ball 1-0: Ball 2-0: Ball 3-0: Called Strike 3-1: DOUBLE (Groundball, 5L, EV 106.2 MPH)
|
|
Batting: RHB Craig Alvarado
|
0-0: Ball Wild Pitch! Artyom Shavkunov to third 1-0: Called Strike 1-1: Ball 2-1: Foul Ball, location: 2F 2-2: Strikes out looking
|
|
Batting: LHB Rick Vallis
|
0-0: Called Strike 0-1: SINGLE (Groundball, 4MD, EV 97.5 MPH) Artyom Shavkunov scores
|
|
Pitching: RHP Robert Chauvel
|
|
|
Batting: RHB Eric Zylstra
|
0-0: Foul Ball, location: 2F 0-1: Ball 1-1: Ball 2-1: 2-RUN HOME RUN (Flyball, 7LD, EV 94.4 MPH), Distance : 347 ft
|
|
Batting: LHB Randolph Brodbeck
|
0-0: Ball 1-0: Fly out, F7 (Line Drive, 78M, EV 96.9 MPH)
|
|
Batting: RHB Juan Medina
|
0-0: Called Strike 0-1: Fly out, F6 (Line Drive, 6D, EV 73.8 MPH)
|
| Bottom of the 3rd over - 3 runs, 3 hits, 0 errors, 0 left on base; Philadelphia (APP) 2 - Kingsport 18 |
| TOP OF THE 4TH |
|
Philadelphia (APP) Phillies batting - Pitching for Kingsport Mets : RHP Ryan Egan
|
|
Batting: RHB Jose Hurtado
|
0-0: Called Strike 0-1: Ball 1-1: Ball 2-1: Fly out, F9 (Flyball, 89M, EV 90.0 MPH)
|
|
Batting: RHB Takuzo Sato
|
0-0: Swinging Strike 0-1: Called Strike 0-2: Ball 1-2: Foul Ball, location: 2F 1-2: Fly out, F4 (Line Drive, 4MD, EV 68.1 MPH)
|
|
Batting: RHB Rüdiger Stritter
|
0-0: Foul Ball, location: 2F 0-1: Foul Ball, location: 2F 0-2: Strikes out swinging
|
| Top of the 4th over - 0 runs, 0 hits, 0 errors, 0 left on base; Philadelphia (APP) 2 - Kingsport 18 |
| BOTTOM OF THE 4TH |
|
Kingsport Mets batting - Pitching for Philadelphia (APP) Phillies : RHP Robert Chauvel
|
|
Batting: RHB Dan Muse
|
0-0: TRIPLE (Flyball, 89XD, EV 101.9 MPH)
|
|
Batting: RHB Chris Artz
|
0-0: Foul Ball, location: 2F 0-1: Ball 1-1: Fly out, F3 (Popup, 34, EV 60.0 MPH)
|
|
Batting: RHB Warren Carmichael
|
0-0: Ball 1-0: Swinging Strike 1-1: Ball 2-1: TRIPLE (Flyball, 78XD, EV 94.4 MPH) Dan Muse scores
|
|
Batting: RHB Artyom Shavkunov
|
0-0: Called Strike 0-1: DOUBLE (Flyball, 8RD, EV 98.1 MPH) Warren Carmichael scores
|
|
Pitching: LHP Justin Harrison
|
|
|
Batting: RHB Craig Alvarado
|
0-0: Ball 1-0: Called Strike 1-1: Ball 2-1: Swinging Strike 2-2: Strikes out looking
|
|
Batting: LHB Rick Vallis
|
0-0: 2-RUN HOME RUN (Flyball, 7LD, EV 95.6 MPH), Distance : 353 ft
|
|
Batting: RHB Eric Zylstra
|
0-0: Ball 1-0: Called Strike 1-1: Foul Ball, location: 2F 1-2: Foul Ball, location: 2F 1-2: Foul Ball, location: 2F 1-2: Strikes out swinging
|
| Bottom of the 4th over - 4 runs, 4 hits, 0 errors, 0 left on base; Philadelphia (APP) 2 - Kingsport 22 |
| TOP OF THE 5TH |
|
Philadelphia (APP) Phillies batting - Pitching for Kingsport Mets : RHP Ryan Egan
|
|
Batting: RHB Dan Doggett
|
0-0: Called Strike 0-1: Ball 1-1: Ground out 4-3 (Groundball, 4, EV 85.6 MPH)
|
|
Batting: LHB Victor Estrada
|
0-0: Called Strike 0-1: Ball 1-1: Ball 2-1: Foul Ball, location: 2F 2-2: Fly out, F7 (Line Drive, 7LS, EV 96.9 MPH)
|
|
Batting: SHB Sam Fredrick
|
0-0: Ball 1-0: Ball 2-0: Ball 3-0: Called Strike 3-1: Base on Balls
|
|
Batting: RHB Nick Maxwell
|
0-0: Foul Ball, location: 2F 0-1: Ball 1-1: Fly out, F6 (Line Drive, 6M, EV 70.6 MPH)
|
| Top of the 5th over - 0 runs, 0 hits, 0 errors, 1 left on base; Philadelphia (APP) 2 - Kingsport 22 |
| BOTTOM OF THE 5TH |
|
Kingsport Mets batting - Pitching for Philadelphia (APP) Phillies : LHP Justin Harrison
|
|
Batting: LHB Randolph Brodbeck
|
0-0: Called Strike 0-1: Ball 1-1: Called Strike 1-2: Strikes out swinging
|
|
Batting: RHB Juan Medina
|
0-0: Ground out 1-3 (Groundball, 13, EV 66.9 MPH)
|
|
Batting: RHB Dan Muse
|
0-0: Ball 1-0: Foul Ball, location: 2F 1-1: Ball 2-1: Ball 3-1: SINGLE (Groundball, 6S, EV 68.8 MPH) (infield hit)
|
|
Batting: RHB Chris Artz
|
0-0: Ball 1-0: Called Strike 1-1: Foul Ball, location: 2F 1-2: Strikes out swinging
|
| Bottom of the 5th over - 0 runs, 1 hit, 0 errors, 1 left on base; Philadelphia (APP) 2 - Kingsport 22 |
| TOP OF THE 6TH |
|
Philadelphia (APP) Phillies batting - Pitching for Kingsport Mets : RHP Ryan Egan
|
|
Batting: LHB Jessie Whedbee
|
0-0: Ball 1-0: Foul Ball, location: 2F 1-1: Called Strike 1-2: Ball 2-2: Foul Ball, location: 2F 2-2: Foul Ball, location: 2F 2-2: Ball 3-2: Foul Ball, location: 2F 3-2: Ground out 4-3 (Groundball, 4, EV 108.1 MPH)
|
|
Pitching: RHP Justin Vallis
|
|
|
Batting: RHB Mike Ryan
|
0-0: Ball 1-0: SINGLE (Groundball, 4D, EV 96.2 MPH)
|
|
Batting: RHB Jose Hurtado
|
0-0: Ball 1-0: Grounds into double play, 4-6-3 (Groundball, 4M, EV 100.0 MPH)
|
| Top of the 6th over - 0 runs, 1 hit, 0 errors, 0 left on base; Philadelphia (APP) 2 - Kingsport 22 |
| BOTTOM OF THE 6TH |
|
Kingsport Mets batting - Pitching for Philadelphia (APP) Phillies : LHP Justin Harrison
|
|
Batting: RHB Warren Carmichael
|
0-0: Called Strike 0-1: Ball 1-1: Called Strike 1-2: Ground out 4-3 (Groundball, 34D, EV 95.6 MPH)
|
|
Batting: RHB Artyom Shavkunov
|
0-0: DOUBLE (Groundball, 5L, EV 103.8 MPH)
|
|
Batting: RHB Craig Alvarado
|
0-0: Called Strike 0-1: Ball 1-1: Ball 2-1: SINGLE (Flyball, 6D, EV 88.8 MPH) Artyom Shavkunov to third
|
|
Batting: LHB Rick Vallis
|
0-0: Ball 1-0: Foul Ball, location: 2F 1-1: Ball 2-1: SINGLE (Groundball, 4MD, EV 105.6 MPH) Artyom Shavkunov scores Craig Alvarado to second
|
|
Batting: RHB Eric Zylstra
|
0-0: Ball 1-0: Ball 2-0: Swinging Strike 2-1: Ball 3-1: Base on Balls Craig Alvarado to third Rick Vallis to second
|
|
Batting: LHB Randolph Brodbeck
|
0-0: Called Strike 0-1: Foul Ball, location: 2F 0-2: Ball 1-2: Ball 2-2: Foul Ball, location: 2F 2-2: Foul Ball, location: 2F 2-2: SINGLE (Groundball, 34D, EV 106.9 MPH) Craig Alvarado scores Rick Vallis to third Eric Zylstra to second
|
|
Batting: RHB Juan Medina
|
0-0: Swinging Strike 0-1: Ball 1-1: SINGLE (Flyball, 5D, EV 95.6 MPH) Rick Vallis scores Eric Zylstra to third Randolph Brodbeck to second
|
|
Batting: RHB Dan Muse
|
0-0: Ball Wild Pitch! Eric Zylstra scores Randolph Brodbeck to third Juan Medina to second 1-0: Called Strike 1-1: Ball 2-1: SINGLE (Groundball, 56D, EV 103.1 MPH) Randolph Brodbeck scores Juan Medina to third Throwing error, E7 Juan Medina scores Dan Muse to second
|
|
Batting: RHB Chris Artz
|
0-0: Foul Ball, location: 2F 0-1: Called Strike 0-2: Ball 1-2: Foul Ball, location: 2F 1-2: Ground out 5-3 (Groundball, 5S, EV 80.0 MPH)
|
|
Batting: RHB Warren Carmichael
|
0-0: Foul Ball, location: 2F 0-1: Reached on error, E5 (Groundball, 56, EV 83.1 MPH) Dan Muse scores
|
|
Batting: RHB Artyom Shavkunov
|
0-0: Ball 1-0: Called Strike 1-1: Ball 2-1: Called Strike 2-2: Ball 3-2: Base on Balls
|
|
Batting: RHB Craig Alvarado
|
0-0: Swinging Strike 0-1: Ball 1-1: SINGLE (Groundball, 56S, EV 75.6 MPH) (infield hit) Warren Carmichael to third Artyom Shavkunov to second
|
|
Batting: LHB Rick Vallis
|
0-0: Called Strike 0-1: Hit by Pitch Warren Carmichael scores Artyom Shavkunov to third Craig Alvarado to second
|
|
Batting: RHB Eric Zylstra
|
0-0: Foul Ball, location: 2F 0-1: Swinging Strike 0-2: SINGLE (Groundball, 56D, EV 111.9 MPH) Artyom Shavkunov scores Craig Alvarado to third Rick Vallis to second Runner from 3rd tries for Home, SAFE, throw by LF to home
|
|
Batting: LHB Randolph Brodbeck
|
0-0: Fielders Choice at 2nd, 5-4 (Groundball, 56, EV 83.1 MPH)
|
| Bottom of the 6th over - 10 runs, 8 hits, 2 errors, 2 left on base; Philadelphia (APP) 2 - Kingsport 32 |
| TOP OF THE 7TH |
|
Philadelphia (APP) Phillies batting - Pitching for Kingsport Mets : RHP Justin Vallis
|
|
Batting: RHB Takuzo Sato
|
0-0: Ball 1-0: Foul Ball, location: 2F 1-1: Swinging Strike 1-2: Strikes out swinging
|
|
Batting: RHB Rüdiger Stritter
|
0-0: Called Strike 0-1: Called Strike 0-2: Ball 1-2: Strikes out swinging, 2-3 out at first.
|
|
Batting: RHB Dan Doggett
|
0-0: Called Strike 0-1: Swinging Strike 0-2: Strikes out swinging
|
| Top of the 7th over - 0 runs, 0 hits, 0 errors, 0 left on base; Philadelphia (APP) 2 - Kingsport 32 |
| BOTTOM OF THE 7TH |
|
Kingsport Mets batting - Pitching for Philadelphia (APP) Phillies : LHP Justin Harrison
|
|
Batting: RHB Juan Medina
|
0-0: Fly out, F9 (Flyball, 9, EV 89.4 MPH)
|
|
Batting: RHB Dan Muse
|
0-0: Foul Ball, location: 2F 0-1: Ball 1-1: Swinging Strike 1-2: Fly out, F8 (Flyball, 8RXD, EV 106.2 MPH)
|
|
Batting: RHB Chris Artz
|
0-0: Fly out, F8 (Flyball, 8LD, EV 98.8 MPH)
|
| Bottom of the 7th over - 0 runs, 0 hits, 0 errors, 0 left on base; Philadelphia (APP) 2 - Kingsport 32 |
| TOP OF THE 8TH |
|
Philadelphia (APP) Phillies batting - Pitching for Kingsport Mets : RHP Justin Vallis
|
|
Batting: LHB Victor Estrada
|
0-0: Called Strike 0-1: Swinging Strike 0-2: Foul Ball, location: 2F 0-2: Strikes out looking
|
|
Batting: SHB Sam Fredrick
|
0-0: Foul Ball, location: 2F 0-1: Ball 1-1: Ball 2-1: Swinging Strike 2-2: SOLO HOME RUN (Flyball, 89XD, EV 96.9 MPH), Distance : 403 ft
|
|
Batting: RHB Nick Maxwell
|
0-0: Called Strike 0-1: Called Strike 0-2: Strikes out swinging
|
|
Batting: LHB Jessie Whedbee
|
0-0: Ball 1-0: Ground out 6-3 (Groundball, 6, EV 85.0 MPH)
|
| Top of the 8th over - 1 run, 1 hit, 0 errors, 0 left on base; Philadelphia (APP) 3 - Kingsport 32 |
| BOTTOM OF THE 8TH |
|
Kingsport Mets batting - Pitching for Philadelphia (APP) Phillies : LHP Justin Harrison
|
|
Batting: RHB Warren Carmichael
|
0-0: Fly out, F9 (Flyball, 9D, EV 80.0 MPH)
|
|
Batting: RHB Artyom Shavkunov
|
0-0: Ball 1-0: Ball 2-0: Ball 3-0: Base on Balls
|
|
Batting: RHB Craig Alvarado
|
0-0: SINGLE (Groundball, 56, EV 106.9 MPH) Artyom Shavkunov to second
|
|
Batting: LHB Rick Vallis
|
0-0: Swinging Strike 0-1: Grounds into double play, 4-6-3 (Groundball, 4, EV 107.5 MPH)
|
| Bottom of the 8th over - 0 runs, 1 hit, 0 errors, 1 left on base; Philadelphia (APP) 3 - Kingsport 32 |
| TOP OF THE 9TH |
|
Philadelphia (APP) Phillies batting - Pitching for Kingsport Mets : RHP Justin Vallis
|
|
Batting: RHB Mike Ryan
|
0-0: SINGLE (Groundball, P, EV 85.6 MPH) (infield hit)
|
|
Batting: RHB Jose Hurtado
|
0-0: Swinging Strike 0-1: Swinging Strike 0-2: Ball 1-2: Ball 2-2: Ball Wild Pitch! Mike Ryan to second 3-2: Foul Ball, location: 2F 3-2: Foul Ball, location: 2F 3-2: Foul Ball, location: 2F 3-2: Base on Balls
|
|
Batting: RHB Takuzo Sato
|
0-0: Called Strike 0-1: Foul Ball, location: 2F 0-2: Strikes out swinging
|
|
Pitching: RHP Chris Hannah
|
|
|
Batting: RHB Rüdiger Stritter
|
0-0: Ball 1-0: Ball 2-0: Foul Ball, location: 2F 2-1: Ball 3-1: Base on Balls Mike Ryan to third Jose Hurtado to second
|
|
Batting: RHB Dan Doggett
|
0-0: Foul Ball, location: 2F 0-1: Reached on error, E3 (Groundball, 23, EV 88.1 MPH) Mike Ryan scores Jose Hurtado to third Rüdiger Stritter to second
|
|
Batting: LHB Victor Estrada
|
0-0: Ball Wild Pitch! Jose Hurtado scores Rüdiger Stritter to third Dan Doggett to second 1-0: Foul Ball, location: 2F 1-1: Foul Ball, location: 2F 1-2: Strikes out swinging
|
|
Batting: SHB Sam Fredrick
|
0-0: Ball 1-0: Ball 2-0: Ball 3-0: Called Strike 3-1: Base on Balls
|
|
Batting: RHB Nick Maxwell
|
0-0: Foul Ball, location: 2F 0-1: Ball 1-1: Foul Ball, location: 2F 1-2: Foul Ball, location: 2F 1-2: Ball 2-2: Ground out 5-3 (Groundball, 5S, EV 73.8 MPH)
|
| Top of the 9th over - 2 runs, 1 hit, 1 error, 3 left on base; Philadelphia (APP) 5 - Kingsport 32 |
|